 Dungeon Crawl Stone Soup version 0.28.0-47-ge53b351184 (webtiles) character file.

Game seed: 12023347322337918319

77 Dreadrock the Covered (level 4, 0/40 HPs)
             Began as a Minotaur Fighter on May 10, 2022.
             Killed from afar by Natasha (6 damage)
             ... with a magic dart
             ... on level 2 of the Dungeon.
             The game lasted 00:20:18 (1855 turns).

Dreadrock the Covered (Minotaur Fighter)            Turns: 1855, Time: 00:20:19

Health: 0/40       AC:  7    Str: 23    XL:     4   Next: 13%
Magic:  3/3        EV:  9    Int:  5    God:
Gold:   114        SH:  4    Dex:  9    Spells: 3/3 levels left

rFire   . . .      SeeInvis .   a - +0 flail
rCold   . . .      Faith    .   c - +0 buckler
rNeg    . . .      Spirit   .   b - +0 scale mail
rPois   .          Reflect  .   (helmet restricted)
rElec   .          Harm     .   (no cloak)
rCorr   .          Rampage  .   (no gloves)
Will    .....                   (no boots)
Stlth   ..........              (no amulet)
HPRegen 0.13/turn               (no ring)
MPRegen 0.08/turn               (no ring)

@: no status effects
A: horns 2, retaliatory headbutt
a: no special abilities


You were on level 2 of the Dungeon.
You visited 1 branch of the dungeon, and saw 2 of its levels.

You collected 114 gold pieces.

Inventory:

Hand Weapons
 a - a +0 flail (weapon)
Armour
 b - a +0 scale mail (worn)
 c - a +0 buckler (worn)
Jewellery
 f - a ring of wizardry
 k - a +6 ring of intelligence
Scrolls
 g - a scroll of fear {unknown}
 h - a scroll of blinking {unknown}
 i - a scroll of immolation {unknown}
 j - a scroll of teleportation {unknown}
 l - a scroll of identify
Potions
 d - a potion of might
 e - a potion of resistance


   Skills:
 + Level 3.9 Fighting
 * Level 3.9 Maces & Flails
 + Level 4.4 Armour
 + Level 1.0 Dodging
 + Level 4.0 Shields


You had 3 spell levels left.
You didn't know any spells.
Your spell library contained the following spells:

 Spells                   Type           Power      Damage    Failure   Level
 Ignite Poison            Fire/Tmut/Pois 0%         N/A       99%         3
 Mephitic Cloud           Conj/Pois/Air  0%         N/A       99%         3
 Freezing Cloud           Conj/Ice/Air   0%         6-21      100%        5


Dungeon Overview and Level Annotations

Branches:
Dungeon (2/15)

Altars:
Uskayaw

Shops:
D:1 =

Annotations:
D:2 Natasha


Innate Abilities, Weirdness & Mutations

You have a pair of horns on your head.
You reflexively headbutt those who attack you in melee.


Message History

The bat barely misses you. You furiously retaliate!
You headbutt the bat.
You kill the bat!
Natasha stares at you and mumbles some strange words.
The magic dart hits you!
You hit Natasha but do no damage. You headbutt Natasha!
Natasha is heavily wounded.
Natasha claws you.
You hit Natasha.
Natasha is almost dead.
Natasha drinks a potion.
Natasha flickers and vanishes!
Deactivating autopickup; reactivate with Ctrl-A.
You miss something. Something claws you. The crimson imp closely misses you.
You closely miss something. Something claws you.
The crimson imp blinks!
Something claws you but does no damage.
You miss something. Something claws you but does no damage.
You closely miss something.
You hear some strange, mumbled words.
A magic dart appears from out of thin air!
The magic dart hits you but does no damage.
You hear some strange, mumbled words.
A magic dart appears from out of thin air!
The magic dart hits you.
The crimson imp blinks!
You barely miss something.
You hear some strange, mumbled words.
A magic dart appears from out of thin air!
The magic dart hits you. Something claws you but does no damage.
You miss something. Your headbutt misses something. Something claws you!
* * * LOW HITPOINT WARNING * * *
The crimson imp hits you but does no damage.
The crimson imp blinks!
A magic dart appears from out of thin air!
The magic dart hits you.
* * * LOW HITPOINT WARNING * * *
Something claws you.
* * * LOW HITPOINT WARNING * * *
You hear some strange, mumbled words.
A magic dart appears from out of thin air!
The magic dart hits you.
You die...

........###..........
#...#........###.)..
#.......#..........
#.......#.......###
#...............#..
#........##........
#..................
#####........#.........
#.....@......#.#.......
#....{.......#.+.......
#............###.......
#....#####.#.....##....
#....# #.#.....###...
#....#####+##.#..# ....
#........... # .....
#...........
#...........


There were no monsters in sight!

Vanquished Creatures
  Robin (D:2)
  An adder (D:2)
  A worm (D:2)
  2 ball pythons (D:1)
  2 endoplasms (D:1)
  4 giant cockroaches
  13 goblins
  6 hobgoblins
  2 jackals (D:1)
  2 quokkas (D:1)
  7 bats
  2 frilled lizards (D:1)
  4 kobolds (D:1)
  2 rats (D:1)
49 creatures vanquished.

Notes
Turn   | Place    | Note
-------+----------+-------------------------------------------
     0 | D:1      | Dreadrock the Minotaur Fighter began the quest for the Orb.
     0 | D:1      | Reached XP level 1. HP: 19/19 MP: 0/0
   255 | D:1      | Found a faded altar of an unknown god.
   384 | D:1      | Reached XP level 2. HP: 27/27 MP: 1/1
   845 | D:1      | Reached XP level 3. HP: 33/33 MP: 2/2
   961 | D:1      | Found Ymeg's One-of-a-Kind Rings.
  1214 | D:2      | Noticed Robin
  1232 | D:2      | Killed Robin
  1238 | D:2      | Reached skill level 1 in Dodging
  1607 | D:2      | Found a hide-covered altar of Uskayaw.
  1641 | D:2      | Reached XP level 4. HP: 22/40 MP: 3/3
  1836 | D:2      | Noticed Natasha
  1855 | D:2      | Killed from afar by Natasha

Illustrated notes

Levels and vault maps discovered:
D:1:      eino_arrival_cavern_a, layout_basic, chequers_ecumenical_altar_island,
          nicolae_shop_unique_rings, moated_statue, nrook_mini_backslash
D:2:      layout_basic, basic_altar, uniq_natasha, uniq_robin

Skill      XL: |  1  2  3 |
---------------+----------+-----
Armour         | 4 |  4.4
Shields        | 4 |  4.0
Maces & Flails | 3 |  3.9
Dodging        | 1 |  1.0
Fighting       | |  3.9

Action                   |  1- 3 |  4- 6 || total
-------------------------+-------+-------++-------
Melee: Flail             |    93 |    15 ||   108
       Headbutt          |     8 |     1 ||     9
  Use: Scroll            |     1 |       ||     1
Armor: Scale mail        |    46 |     8 ||    54
Dodge: Dodged            |    44 |     7 ||    51
Block: Buckler           |    20 |     3 ||    23
